 Dungeon Crawl Stone Soup version 0.29-a0-653-gd47aff6735 (webtiles) character file.

Game seed: 7562500297157942027

107 DuloT34 the Conjurer (level 4, -4/30 HPs)
             Began as an Octopode Conjurer on June 21, 2022.
             Killed from afar by Ijyb (8 damage)
             ... with a puff of flame
             ... on level 4 of the Dungeon.
             The game lasted 00:04:03 (3475 turns).

DuloT34 the Conjurer (Octopode Conjurer)            Turns: 3475, Time: 00:04:04

Health: -4/30      AC:  1    Str:  8    XL:     4   Next: 86%
Magic:  2/9        EV: 13    Int: 20    God:
Gold:   212        SH:  0    Dex: 10    Spells: 6/9 levels left

rFire   . . .      SeeInvis .   d - staff of death
rCold   . . .      Faith    .   (no shield)
rNeg    + . .      Spirit   .   (helmet restricted)
rPois   .          Reflect  .   (no amulet)
rElec   .          Harm     .   (no ring)
rCorr   .          Rampage  .   (no ring)
Will    .....                   (no ring)
Stlth   +++.......              (no ring)
HPRegen 0.10/turn               (no ring)
MPRegen 0.11/turn               (no ring)
                                (no ring)
                                (no ring)

@: no status effects
A: almost no armour, amphibious, 8 rings, camouflage 1, gelatinous body 1,
(nimble swimmer 1), tentacles
a: no special abilities


You were on level 4 of the Dungeon.
You visited 1 branch of the dungeon, and saw 4 of its levels.

You collected 212 gold pieces.

Inventory:

Hand Weapons
 c - a +0 short sword
Magical Staves
 d - a staff of death (weapon)
Jewellery
 b - an amulet of faith
 k - a ring of fire
Scrolls
 f - a scroll of identify
 g - a scroll of enchant armour {unknown}
 h - 2 scrolls of teleportation {unknown}
 i - a scroll of amnesia {unknown}
 l - a scroll of enchant weapon {unknown}
 n - a scroll of vulnerability {unknown}
Potions
 a - a potion of magic
 e - 3 potions of heal wounds
 j - a potion of lignification {unknown}
 m - a potion of flight {unknown}
 o - a potion of haste


   Skills:
 + Level 2.9 Fighting
 - Level 2.0 Dodging
 - Level 2.6 Stealth
 + Level 3.4 Spellcasting
 - Level 4.0 Conjurations


You had 6 spell levels left.
You knew the following spells:

 Your Spells              Type           Power      Damage    Failure   Level
a - Magic Dart            Conj           76%        1d6       2%          1
b - Searing Ray           Conj           38%        2d5       4%          2

Your spell library contained the following spells:

 Spells                   Type           Power      Damage    Failure   Level
 Dazzling Flash           Conj/Hex       22%        N/A       19%         3
 Fulminant Prism          Conj/Hex       5%         3d7       52%         4
 Iskenderun's Mystic Bla  Conj/Tloc      11%        2d4       52%         4


Dungeon Overview and Level Annotations

Branches:
Dungeon (4/15)
 Temple: D:4-7

Altars:

Annotations:
D:4 Ijyb


Innate Abilities, Weirdness & Mutations

You cannot wear most types of armour.
You are amphibious.
You can wear up to eight rings at the same time.
Your skin changes colour to match your surroundings (Stealth+).
Your rubbery body absorbs attacks. (AC +1, EV +1)
((You are camouflaged when in or above water. (Stealth+)))
You have tentacles for arms and can constrict up to eight enemies at once.


Message History

Aiming: Searing Ray (safe; 4% risk of failure)
Press: ? - help, Shift-Dir - straight line, f - Ijyb
Aim: Ijyb, wielding a +0 dagger, wearing a +0 leather armour and carrying a wand of flame (20) (72% to hit)
The searing ray hits Ijyb.
Ijyb is lightly wounded. (Press . to maintain the ray.) Ijyb drinks a potion.
Ijyb seems to speed up.
The searing ray hits Ijyb.
Ijyb is moderately wounded.
The searing ray hits the endoplasm!
You kill the endoplasm!
The searing ray hits Ijyb.
Ijyb is heavily wounded.
Ijyb hits you but does no damage.
The searing ray hits Ijyb.
Ijyb is severely wounded.
You finish channelling your searing ray.
Ijyb zaps a wand.
The puff of flame hits you!
Ijyb screams, "It's all mine!"
Ijyb zaps a wand.
The puff of flame hits you! Ijyb screams, "I no like you!"
Ijyb hits you with a +0 dagger.
Ijyb zaps a wand.
The puff of flame hits you. Ijyb hits you with a +0 dagger.
* * * LOW HITPOINT WARNING * * *
Ijyb hits you with a +0 dagger.
* * * LOW HITPOINT WARNING * * *
Casting: Searing Ray (safe; 4% risk of failure)
Confirm with . or Enter, or press ? or * to list all spells.
Aiming: Searing Ray (safe; 4% risk of failure)
Press: ? - help, Shift-Dir - straight line, f/p - Ijyb
Aim: Ijyb, wielding a +0 dagger, wearing a +0 leather armour and carrying a wand of flame (17) (severely wounded, fast, 72% to hit)
The searing ray hits Ijyb.
Ijyb is severely wounded. (Press . to maintain the ray.) Ijyb zaps a wand.
The puff of flame misses you.
The searing ray hits Ijyb.
Ijyb is almost dead.
Ijyb zaps a wand.
The puff of flame hits you!
You die...

###
#@#
#g#
#.#
#.#
..#
..#
..#
####


You could see Ijyb (fast).

Vanquished Creatures
  4 adders
  A worm (D:3)
  4 dart slugs
  An endoplasm (D:4)
  2 giant cockroaches
  6 goblins
  5 hobgoblins
  10 jackals
  6 quokkas
  3 ball pythons
  5 bats
  3 frilled lizards (D:3)
  5 kobolds
  4 rats
59 creatures vanquished.

Notes
Turn   | Place    | Note
-------+----------+-------------------------------------------
     0 | D:1      | DuloT34 the Octopode Conjurer began the quest for the Orb.
     0 | D:1      | Reached XP level 1. HP: 11/11 MP: 3/3
    28 | D:1      | Reached skill level 1 in Fighting
    28 | D:1      | Reached XP level 2. HP: 10/18 MP: 0/5
    31 | D:1      | Learned a level 2 spell: Searing Ray
  1078 | D:1      | Reached XP level 3. HP: 24/24 MP: 6/6
  1967 | D:2      | Reached XP level 4. HP: 30/30 MP: 8/8
  3466 | D:4      | Noticed Ijyb
  3475 | D:4      | Killed from afar by Ijyb

Illustrated notes

Levels and vault maps discovered:
D:1:      dpeg_arrival_arbitrary_c, layout_rooms, kennysheep_flooded_box,
          kennysheep_pointless_box, chequers_arboretum
D:2:      layout_loops_cross
D:3:      minmay_general_purpose_star, layout_loops_cross, moated_statue,
          kennysheep_generic_room_14
D:4:      minmay_spotlight, layout_basic, uniq_robin, uniq_grinder, uniq_ijyb,
          uniq_natasha

Skill      XL: |  1  2  3 |
---------------+----------+-----
Fighting       | 1 2 |  2.9
Spellcasting   | 3 |  3.4
Dodging        | |  2.0
Stealth        | |  2.6
Conjurations   | |  4.0

Action                   |  1- 3 |  4- 6 || total
-------------------------+-------+-------++-------
Melee: Unarmed           |    19 |       ||    19
       Tentacles         |    17 |    12 ||    29
       Constrict         |    14 |    16 ||    30
       Punch             |     1 |     3 ||     4
       Staff             |    33 |    59 ||    92
       Short sword       |     5 |       ||     5
 Cast: Magic Dart        |    10 |     2 ||    12
       Searing Ray       |     5 |     3 ||     8
  Use: Scroll            |     2 |       ||     2
 Stab: Sleeping          |     5 |     6 ||    11
       Distracted        |       |     1 ||     1
Armor: Skin              |     4 |     5 ||     9
Dodge: Dodged            |    43 |    53 ||    96

Table legend: (Time is in decaauts)
 A = Elapsed time spent in this place.
 B = Non-inter-level travel time spent in this place.
 C = Inter-level travel time spent in this place.
 D = Time resting spent in this place.
 E = Time spent auto-exploring this place.
 F = Levels seen in this place.
 G = Mean time per level.
                   A        B        C        D        E       F      G
               +--------+--------+--------+--------+--------+-----+--------+
         Total |   3492 |   3424 |     68 |    964 |   2041 |   4 |  873.0 |
       Dungeon |   3492 |   3424 |     68 |    964 |   2041 |   4 |  873.0 |
               +--------+--------+--------+--------+--------+-----+--------+

Top non-repeatable levels by time:
     D:1: 1327 daAuts
     D:3: 1078 daAuts
     D:2: 1077 daAuts
     D:4: 8 daAuts
